Map: Ulrena

Players

Grumm - Winner!

  • Race: Protoss Protoss
  • League: Gold

KenCalDi

  • Race: Protoss Protoss
  • League: Silver

VOD

Have the link to the VOD?

Description

Time

  • Played on: Jan. 7, 2016, 12:59 a.m.
  • Length: 12:15
Show
View Real Time Build Order
Export as new Build Order

Grumm Protoss - Winner!

Build Orders:  

Get SALT Encoding   

  12  0:02  Probe (Chrono Boost)  
  13  0:13  Probe (Chrono Boost)  
  14  0:19  Pylon  
  14  0:23  Probe (Chrono Boost)  
  15  0:30  Assimilator  
  15  0:37  Probe (Chrono Boost)  
  16  0:44  Gateway  
  16  0:48  Probe (Chrono Boost)  
  17  0:59  Probe (Chrono Boost)  
  17  1:00  Assimilator  
  18  1:09  Probe (Chrono Boost)  
  19  1:18  Pylon  
  19  1:20  Probe (Chrono Boost)  
  20  1:30  Probe (Chrono Boost)  
  20  1:32  Cybernetics Core  
  21  1:44  Probe (Chrono Boost)  
  22  1:50  Zealot  
  24  2:01  Forge  
  24  2:09  Probe (Chrono Boost), Warp Gate  
  25  2:33  Nexus  
  25  2:38  Protoss Ground Weapons Level 1 (Chrono Boost)  
  25  2:45  Adept  
  27  2:58  Pylon  
  27  3:08  Robotics Facility, Probe  
  28  3:16  Stalker  
  30  3:21  Probe  
  31  3:33  Gateway  
  31  3:58  Immortal  
  35  4:08  Probe  
  36  4:12  Probe  
  36  4:13  Assimilator  
  36  4:14  Protoss Ground Armor Level 1 (Chrono Boost)  
  36  4:15  Assimilator  
  37  4:17  Stalker  
  37  4:20  Probe  
  40  4:33  Probe  
  40  4:34  Probe  
  40  4:36  Adept  
  44  4:44  Immortal (Chrono Boost)  
  48  4:47  Probe  
  49  4:52  Pylon  
  49  4:54  Probe  
  49  4:59  Zealot  
  52  5:01  Sentry  
  44  5:29  Photon Cannon  
  44  5:33  Pylon  
  44  5:35  Photon Cannon  
  44  5:36  Probe x2  
  44  5:41  Stalker  
  48  5:48  Probe x2  
  50  6:00  Probe  
  50  6:01  Probe  
  52  6:05  Robotics Bay  
  52  6:07  Pylon  
  52  6:14  Photon Cannon  
  52  6:16  Probe  
  53  6:28  Stalker x2  
  57  6:33  Probe x2 (Chrono Boost)  
  59  6:45  Mothership Core (Chrono Boost), Probe (Chrono Boost)  
  62  6:51  Gateway  
  62  6:54  Disruptor  
  62  6:59  Stalker x2  
  69  7:13  Photon Cannon  
  69  7:16  Gateway  
  69  7:17  Probe (Chrono Boost)  
  69  7:21  Probe (Chrono Boost)  
  71  7:28  Probe (Chrono Boost)  
  72  7:30  Disruptor  
  72  7:31  Stalker, Probe (Chrono Boost)  
  78  7:38  Pylon  
  78  8:00  Probe x2 (Chrono Boost)  
  78  8:02  Stalker  
  78  8:03  Stalker  
  84  8:10  Probe x2 (Chrono Boost)  
  86  8:21  Pylon  
  86  8:22  Twilight Council  
  86  8:27  Gateway  
  86  8:31  Pylon  
  86  8:39  Immortal  
  86  8:41  Stalker x2  
  93  8:59  Zealot x2  
  65  9:44  Stalker x2  
  65  9:45  Stalker x2  
  61  10:09  Stalker x4  
  67  10:25  Immortal  
  67  10:26  Charge  
  71  10:40  Stalker x5  
  71  10:41  Nexus  
  81  11:02  Forge  
  81  11:05  Pylon  
  81  11:07  Gateway  
  81  11:08  Pylon  
  81  11:11  Pylon  
  81  11:12  Immortal (Chrono Boost)  
  81  11:15  Zealot x3  
  81  11:16  Zealot x2  
  83  11:48  Stalker x2  
  83  11:49  Stalker x3  
Show
View Real Time Build Order
Export as new Build Order

KenCalDi Protoss 

Build Orders: Nexus First, Oracle Opening 

Get SALT Encoding   

  12  0:01  Probe (Chrono Boost)  
  13  0:12  Probe (Chrono Boost)  
  14  0:22  Pylon  
  14  0:39  Probe (Chrono Boost)  
  15  0:49  Probe (Chrono Boost)  
  16  1:00  Nexus  
  16  1:05  Probe (Chrono Boost)  
  17  1:15  Probe (Chrono Boost)  
  17  1:18  Gateway  
  18  1:26  Probe (Chrono Boost)  
  18  1:28  Assimilator  
  19  1:33  Assimilator  
  19  1:56  Probe (Chrono Boost)  
  20  2:07  Probe (Chrono Boost)  
  21  2:16  Probe (Chrono Boost)  
  21  2:17  Probe (Chrono Boost)  
  23  2:24  Cybernetics Core  
  23  2:27  Probe (Chrono Boost)  
  23  2:28  Probe (Chrono Boost)  
  25  2:30  Pylon  
  25  2:37  Probe (Chrono Boost)  
  25  2:38  Probe (Chrono Boost)  
  25  2:42  Zealot (Chrono Boost)  
  29  2:46  Probe  
  29  2:50  Probe (Chrono Boost)  
  31  2:58  Probe (Chrono Boost)  
  31  3:00  Warp Gate (Chrono Boost)  
  32  3:06  Stargate  
  32  3:12  Gateway  
  32  3:13  Gateway  
  32  3:14  Mothership Core (Chrono Boost)  
  34  3:21  Assimilator  
  34  3:30  Probe  
  34  3:33  Probe  
  36  3:43  Stalker  
  38  3:51  Probe  
  38  3:52  Probe  
  38  3:53  Oracle  
  43  4:03  Pylon  
  41  4:13  Pylon  
  41  4:14  Pylon  
  41  4:21  Probe  
  41  4:23  Probe  
  43  4:39  Pylon  
  43  4:51  Stalker x2  
  43  4:52  Stalker  
  49  5:24  Phoenix  
  49  5:26  Adept x2  
  49  5:27  Adept  
  57  5:29  Probe  
  57  5:31  Probe  
  57  5:35  Assimilator  
  59  5:41  Pylon x2  
  59  5:43  Probe  
  59  5:47  Pylon  
  59  5:48  Robotics Facility  
  59  5:49  Phoenix, Pylon  
  62  5:55  Adept  
  62  5:56  Adept x2  
  68  5:59  Probe  
  68  6:00  Probe  
  70  6:11  Probe x2  
  70  6:14  Phoenix  
  74  6:22  Probe  
  74  6:23  Probe  
  72  6:26  Adept x3  
  78  6:39  Phoenix  
  80  6:44  Robotics Bay  
  80  6:47  Stalker x3  
  86  6:56  Probe  
  86  6:57  Probe  
  88  7:04  Phoenix  
  90  7:12  Nexus  
  90  7:15  Pylon  
  90  7:18  Pylon, Stalker x2  
  90  7:22  Pylon  
  94  7:29  Phoenix  
  96  7:33  Pylon  
  96  7:34  Disruptor (Chrono Boost)  
  99  7:42  Pylon  
  99  7:54  Phoenix, Stalker x3  
  107  8:06  Disruptor (Chrono Boost)  
  110  8:20  Gateway  
  110  8:21  Gateway  
  110  8:22  Gateway  
  110  8:24  Gateway  
  110  8:40  Stalker  
  110  8:41  Stalker x2  
  116  9:09  Stalker x3  
  80  9:34  Adept x3  
  64  9:53  Stalker x4  
  64  9:54  Stalker x3  
  62  10:13  Stalker x2  
  62  10:14  Stalker  
  59  10:23  Probe  
  59  10:24  Probe  
  59  10:25  Probe  
  59  10:27  Stalker x4  
  68  10:32  Disruptor (Chrono Boost)  
  68  10:34  Probe  
  71  10:36  Probe  
  71  10:37  Probe  
  71  10:38  Stalker x3  
  80  10:44  Probe  
  80  10:49  Probe x2  
  83  10:51  Twilight Council  
  83  10:55  Forge x2, Probe  
  84  10:57  Stalker x4  
  84  11:01  Probe x2  
  84  11:03  Disruptor (Chrono Boost)  
  97  11:11  Assimilator  
  97  11:12  Stalker  
  97  11:13  Assimilator, Probe  
  100  11:24  Stalker x2  
  104  11:33  Stalker x4  
  104  11:34  Disruptor (Chrono Boost)  
  104  11:37  Stalker  
  80  11:49  Stalker x2  
  75  11:57  Stalker x3  
Tags
 
Add a new tag
Caveats
  • Supply blocks, unpowered buildings, or Contaminate may cause inaccurate times.
  • Supply counts are checked every 10 seconds.